 Dungeon Crawl Stone Soup version 0.20-b1 (webtiles) character file.

398 graki42 the Slasher (level 6, -3/52 HPs)
             Began as a Minotaur Fighter on May 18, 2017.
             Slain by an orc warrior
             ... wielding a +0 short sword
              (7 damage)
             ... on level 4 of the Dungeon.
             The game lasted 00:08:06 (2780 turns).

graki42 the Slasher (Minotaur Fighter)              Turns: 2780, Time: 00:08:07

Health: -3/52      AC: 10    Str: 20    XL:     6   Next: 53%
Magic:  5/5        EV:  8    Int:  7    God:
Gold:   213        SH:  9    Dex: 10    Spells: 5/5 levels left

rFire    . . .     SeeInvis .   a - +0 long sword
rCold    . . .     Gourm    .   c - +0 shield
rNeg     . . .     Faith    .   b - +0 scale mail
rPois    +         Spirit   .   k - +2 hat
rElec    .         Reflect  .   (no cloak)
rCorr    .         Harm     .   v - +0 pair of gloves
MR       .....                  (no boots)
Stlth    ..........             n - amulet of regeneration
Regen    0.6/turn               q - ring of poison resistance
MPRegen  0.1/turn               (no ring)

@: no status effects
A: retaliatory headbutt, horns 2
a: no special abilities


You were on level 4 of the Dungeon.
You were very hungry.

You visited 1 branch of the dungeon, and saw 5 of its levels.

You collected 213 gold pieces.

Inventory:

Hand Weapons
 a - a +0 long sword (weapon)
Armour
 b - a +0 scale mail (worn)
 c - a +0 shield (worn)
 k - a +2 hat (worn)
 v - a +0 pair of gloves (worn)
Jewellery
 n - an amulet of regeneration (around neck)
 q - a ring of poison resistance (left hand)
Wands
 d - a wand of acid (9/15)
 w - a wand of polymorph (17/24)
Scrolls
 e - 3 scrolls of magic mapping {unknown}
 g - 7 scrolls of identify {unknown}
 h - 2 scrolls of enchant weapon {unknown}
 m - 2 scrolls of amnesia {unknown}
 p - a scroll of fog {unknown}
 t - 2 scrolls of remove curse {unknown}
Potions
 j - a potion of ambrosia
 l - 2 potions of agility {unknown}
 o - a potion of flight {unknown}
 r - a potion of heal wounds {unknown}
 s - a potion of resistance {unknown}
 u - a potion of curing {unknown}
 z - a potion of mutation {unknown}
Comestibles
 f - 5 bread rations
 i - 4 fruits
 x - a meat ration


   Skills:
 + Level 4.3 Fighting
 + Level 5.7 Long Blades
 + Level 4.8 Armour
 + Level 2.1 Dodging
 + Level 0.6 Stealth
 + Level 5.1 Shields


You had 5 spell levels left.
You didn't know any spells.

Dungeon Overview and Level Annotations

Branches:
Dungeon (5/15)
 Temple: D:4-7

Altars:
Dithmenos
Nemelex Xobeh
Qazlal
Xom


Innate Abilities, Weirdness & Mutations

You reflexively headbutt those who attack you in melee.
You have a pair of horns on your head.


Message History

You barely miss the orc warrior.
The orc warrior is heavily wounded.
The orc warrior hits you with a short sword.
* * * LOW HITPOINT WARNING * * *
The orc warrior hits you with a short sword.
* * * LOW HITPOINT WARNING * * *
You're too confused to move!
The orc warrior hits you with a short sword.
You bump into the metal wall.
You feel less invigorated.
You feel less confused.
The orc warrior hits you with a short sword!
* * * LOW HITPOINT WARNING * * *
You closely miss the orc warrior.
The orc warrior is heavily wounded.
The crimson imp blinks!
The orc priest invokes the aid of Beogh against you.
Beogh smites you!
* * * LOW HITPOINT WARNING * * *
The orc warrior hits you with a short sword!
You die...

...........###⌠.⌠.####...###
# ############
##......'._o'.# #
..........(# #......#...#.#
<.....###..# ###o##.#.#.#.#
...........#
#§##.#.#.#.######
...........###
#.########.o..o.o
###....#.....#
#.#####.#########
.5##.......#.####oo.....#
∩55#.......#.##.@.#######
.)##...##.##....#.#
###.......#####...#
....##^#### ##.## ....##.###
## #.### .........# #. ....#
.##......# #. #.#.#
.##......# #.##.#.#
.##......# #... #.#


You could see an orc warrior, an orc priest and an orc.

Vanquished Creatures
  The ghost of Mesmaeker13 the Conjurer, an amateur DECj (D:3)
  A howler monkey (D:4)
  A bullfrog skeleton (D:4)
  A centaur skeleton (D:4)
  A jelly (D:5)
  An orc priest (D:3)
  A worker ant (D:4)
  3 gnolls
  4 adders
  A shadow imp (D:3)
  2 dart slugs (D:2)
  A worm (D:3)
  A leopard gecko (D:1)
  3 orcs (D:3)
  2 ball pythons
  4 giant cockroaches
  8 goblins
  5 hobgoblins
  7 jackals
  2 quokkas
  4 bats
  3 frilled lizards
  5 kobolds
  12 rats
74 creatures vanquished.

Notes
Turn   | Place    | Note
-------+----------+-------------------------------------------
     0 | D:1      | graki42 the Minotaur Fighter began the quest for the Orb.
     0 | D:1      | Reached XP level 1. HP: 19/19 MP: 0/0
   284 | D:1      | Reached XP level 2. HP: 27/27 MP: 1/1
   401 | D:1      | Reached XP level 3. HP: 33/33 MP: 2/2
  1114 | D:2      | Reached XP level 4. HP: 28/40 MP: 3/3
  1271 | D:2      | Found a shimmering altar of Xom.
  1753 | D:2      | Reached skill level 1 in Dodging
  1856 | D:2      | You fall through a shaft for 2 floors!
  1918 | D:4      | Noticed an ogre
  1938 | D:3      | Reached XP level 5. HP: 33/46 MP: 4/4
  2066 | D:3      | Noticed Mesmaeker13's ghost (amateur DECj)
  2081 | D:3      | Killed Mesmaeker13's ghost
  2081 | D:3      | Reached skill level 5 in Long Blades
  2081 | D:3      | Reached skill level 5 in Shields
  2171 | D:3      | Found a shadowy altar of Dithmenos.
  2403 | D:4      | Reached XP level 6. HP: 51/52 MP: 5/5
  2483 | D:4      | Found a sparkling altar of Nemelex Xobeh.
  2499 | D:4      | Found a stormy altar of Qazlal.
  2526 | D:4      | Found a shimmering altar of Xom.
  2550 | D:4      | Noticed an orc warrior
  2590 | D:5      | Entered Level 5 of the Dungeon
  2780 | D:4      | Slain by an orc warrior

Skill      XL: |  1  2  3  4  5  6 |
---------------+-------------------+-----
Shields        | 4 5 |  5.1
Long Blades    | 3 4 5 |  5.7
Armour         | 4 |  4.8
Dodging        | 1 2 |  2.1
Fighting       | 4 |  4.3
Stealth        | |  0.6

Action                   |  1- 3 |  4- 6 || total
-------------------------+-------+-------++-------
Melee: Long sword        |   109 |   120 ||   229
       Headbutt          |    12 |    18 ||    30
  Use: Potion            |       |     2 ||     2
  Eat: Chunk             |     1 |     4 ||     5
Armor: Scale mail        |    56 |    45 ||   101
Dodge: Dodged            |    30 |    29 ||    59
Block: Shield            |    59 |    59 ||   118
       Rpst.: Long sword |     6 |    10 ||    16
